 Dungeon Crawl Stone Soup version 0.27-a0-1140-g099f9bb0e8 (webtiles) character file.

Game seed: 17152282271759896310

60 mimimi the Shield-Bearer (level 3, 0/33 HPs)
             Began as a Minotaur Fighter on May 9, 2021.
             Killed from afar by Sigmund (2 damage)
             ... with a magic dart
             ... on level 2 of the Dungeon.
             The game lasted 00:06:42 (1452 turns).

mimimi the Shield-Bearer (Minotaur Fighter)         Turns: 1452, Time: 00:06:43

Health: 0/33       AC:  9    Str: 21    XL:     3   Next: 82%
Magic:  2/2        EV:  5    Int:  5    God:
Gold:   67         SH:  9    Dex:  9    Spells: 2/2 levels left

rFire    x . .     SeeInvis +   a - +0 long sword
rCold    + . .     Faith    .   c - +0 kite shield
rNeg     . . .     Spirit   .   f - +0 chain mail
rPois    .         Reflect  .   (helmet restricted)
rElec    .         Harm     .   (no cloak)
rCorr    .         Rampage  .   (no gloves)
Will     .....                  (no boots)
Stlth    ..........             (no amulet)
HPRegen  0.11/turn              e - ring of ice
MPRegen  0.08/turn              h - ring of see invisible

@: on berserk cooldown, slowed, invisible, very slow
A: horns 2, retaliatory headbutt
a: no special abilities


You were on level 2 of the Dungeon.
You visited 1 branch of the dungeon, and saw 2 of its levels.

You collected 67 gold pieces.

Inventory:

Hand Weapons
 a - a +0 long sword (weapon)
Missiles
 q - 24 stones (quivered)
 r - 13 sling bullets
Armour
 c - a +0 kite shield (worn)
 f - a +0 chain mail (worn)
Jewellery
 e - a ring of ice (left hand)
 h - a ring of see invisible (right hand)
Potions
 m - a potion of curing {unknown}


   Skills:
 - Level 3.7 Fighting
 * Level 1.2(2.1) Short Blades
 + Level 2.8(3.0) Long Blades
 - Level 3.8 Armour
 * Level 5.0 Shields


You had 2 spell levels left.
You didn't know any spells.
Your spell library contained the following spells:

 Spells                   Type           Power      Damage    Failure   Level
 Animate Skeleton         Necr           0%         N/A       100%        1
 Pain                     Necr           0%         1d4       100%        1
 Vampiric Draining        Necr           0%         2d6       100%        3
 Animate Dead             Necr           0%         N/A       100%        4
 Agony                    Necr           0%         N/A       100%        5


Dungeon Overview and Level Annotations

Branches:
Dungeon (2/15)

Altars:

Shops:
D:2 *

Annotations:
D:2 Sigmund


Innate Abilities, Weirdness & Mutations

You have a pair of horns on your head.
You reflexively headbutt those who attack you in melee.


Message History

Sigmund gestures at you while chanting. You resist with significant effort.
You barely miss Sigmund.
Sigmund is lightly wounded.
The quokka bites you. You block Sigmund's attack.
The quokka bites you but does no damage.
You closely miss Sigmund.
Sigmund is lightly wounded.
The quokka bites you but does no damage.
You block Sigmund's attack.
The quokka bites you but does no damage.
Sigmund asks, "Do you like me?" Sigmund barely misses you.
You riposte.
You closely miss Sigmund. Your headbutt misses Sigmund.
Sigmund is lightly wounded.
It was a potion of berserk rage.
A red film seems to cover your vision as you go berserk!
You feel yourself moving faster!
You feel mighty!
The quokka bites you but does no damage.
Sigmund hits you with a +0 scythe.
Your shield and chain mail prevent you from hitting Sigmund.
Sigmund is lightly wounded.
The quokka barely misses you. Sigmund hits you with a +0 scythe!
* * * LOW HITPOINT WARNING * * *
Unknown command.
The quokka barely misses you. You furiously retaliate!
You headbutt the quokka!!
You kill the quokka!
You feel a strong urge to attack something.
Sigmund hits you from afar with a +0 scythe!
* * * LOW HITPOINT WARNING * * *
You feel your anger nearly subside.
You are no longer berserk.
You are exhausted.
You feel yourself slow down.
It was a potion of invisibility.
You fade into invisibility!
Sigmund points at you and mumbles some strange words.
The magic dart hits you.
You die...

#...## #### #.#>.###..##
#.##..##...#######
#.###..###.......########
#.# ##...................
#.# #.###.<.....####..#.
#.# #...........#####...
#.# #.∩[#...............
#.# #..........@#######.
#.# #.#.........# #.#
#.#<.......@# # #.#
#...........######.#. #.#
##...÷..##..#........
..#####......###...>......
..†..........####)........
#.##......................
#.##....##.#.##...........


You could see Sigmund.

Vanquished Creatures
  A gnoll (D:1)
  A worm (D:2)
  3 dart slugs (D:1)
  An orc (D:2)
  A bat (D:1)
  2 endoplasms
  3 giant cockroaches
  8 hobgoblins
  3 quokkas
  7 ball pythons
  3 frilled lizards (D:1)
  A goblin (D:1)
  A kobold (D:1)
  4 rats
39 creatures vanquished.

Vanquished Creatures (others)
  2 fungi (D:1)
  10 plants (D:1)
12 creatures vanquished.

Grand Total: 51 creatures vanquished

Notes
Turn   | Place    | Note
-------+----------+-------------------------------------------
     0 | D:1      | mimimi the Minotaur Fighter began the quest for the Orb.
     0 | D:1      | Reached XP level 1. HP: 19/19 MP: 0/0
   295 | D:1      | Reached XP level 2. HP: 21/27 MP: 1/1
   453 | D:1      | Reached skill level 4 in Shields
   710 | D:1      | Reached skill level 1 in Short Blades
   710 | D:1      | Reached XP level 3. HP: 30/33 MP: 2/2
  1065 | D:1      | Found a faded altar of an unknown god.
  1236 | D:2      | Found Meinatag's Assorted Antiques.
  1266 | D:2      | Reached skill level 5 in Shields
  1427 | D:2      | Noticed Sigmund
  1447 | D:2      | HP: 2/49 [Sigmund/+0 scythe (7)]
  1452 | D:2      | Killed from afar by Sigmund

Illustrated notes

Levels and vault maps discovered:
D:1:      wander_arrival_chamber, layout_basic,
          shapermc_ecumenical_altar_hornbeckon
D:2:      minmay_evil_eye, layout_rooms, serial_shops, nicolae_shop_stone,
          uniq_sigmund

Skill      XL: |  1  2  3 |
---------------+----------+-----
Shields        | 4 5 |  5.0
Short Blades   | 1 |  1.2
Fighting       | |  3.7
Long Blades    | |  2.8
Armour         | |  3.8

Action                   || total
-------------------------++-------
Melee: Long sword        ||   106
       Headbutt          ||    22
  Use: Potion            ||     2
Armor: Scale mail        ||     6
       Chain mail        ||    37
Dodge: Dodged            ||    25
Block: Kite shield       ||    34
       Rpst.: Long sword ||     5

Table legend: (Time is in decaauts)
 A = Elapsed time spent in this place.
 B = Non-inter-level travel time spent in this place.
 C = Inter-level travel time spent in this place.
 D = Time resting spent in this place.
 E = Time spent auto-exploring this place.
 F = Levels seen in this place.
 G = Mean time per level.
                   A        B        C        D        E       F      G
               +--------+--------+--------+--------+--------+-----+--------+
         Total |   1512 |   1512 |      0 |      0 |    575 |   2 |  756.0 |
       Dungeon |   1512 |   1512 |      0 |      0 |    575 |   2 |  756.0 |
               +--------+--------+--------+--------+--------+-----+--------+

Top non-repeatable levels by time:
     D:1: 1284 daAuts
     D:2: 227 daAuts
